 Dungeon Crawl Stone Soup version 0.15.0-11-g6f4f891 (webtiles) character file.

153 ANDROIDp the Sneak (level 5, -3/30 HPs)
             Began as a Kobold Assassin on Aug 31, 2014.
             Slain by a gnoll sergeant
             ... wielding a +0 spear
              (8 damage)
             ... on Level 3 of the Dungeon.
             The game lasted 00:08:48 (1935 turns).

ANDROIDp the Sneak (Kobold Assassin)                Turns: 1935, Time: 00:08:49

HP  -3/30        AC  3     Str 10      XL: 5   Next: 61%
MP   5/5         EV 17     Int  9      God:
Gold 83          SH  0     Dex 18      Spells:  0 memorised,  4 levels left

rFire  + + .     SeeInvis .     l - +2 short sword (venom)
rCold  x . .     Clarity  .     c - +0 robe
rNeg   . . .     rCorr    .     (no shield)
rPois  .         rRot     .     (no helmet)
rElec  .         Spirit   .     r - +0 cloak
SustAb .         Warding  .     (no gloves)
rMut   .         Stasis   .     (no boots)
Gourm  .                        (no amulet)
MR     .....                    k - ring of fire
                                h - ring of protection from fire

@: not resistant to hostile enchantments, stealthy
A: carnivore 3
a: no special abilities


You were on level 3 of the Dungeon.
You were not hungry.

You visited 1 branch of the dungeon, and saw 3 of its levels.

You collected 83 gold pieces.

Inventory:

Hand weapons
 a - a +3 dagger
 b - a +0 blowgun
 l - a +2 short sword of venom (weapon)
Missiles
 e - 8 poisoned needles
 f - 2 curare-tipped needles
Armour
 c - a +0 robe (worn)
 d - a +0 cloak
 r - a +0 cloak (worn)
 w - a +0 leather armour
Magical devices
 p - a wand of random effects (19) {unknown}
Comestibles
 g - a meat ration
 u - 2 beef jerkies
Scrolls
 j - a scroll of blinking
 n - a scroll of identify
 o - a scroll of remove curse
 q - a scroll of recharging
Jewellery
 h - a ring of protection from fire (left hand)
 k - a ring of fire (right hand)
Potions
 i - a potion of cancellation
 m - a potion of heal wounds


   Skills:
 - Level 2.1 Fighting
 + Level 4.5 Short Blades
 - Level 2.6 Throwing
 + Level 3.7 Dodging
 + Level 6.7 Stealth


You had 4 spell levels left.
You didn't know any spells.

Dungeon Overview and Level Annotations

Branches:
Dungeon (3/15)

Altars:
Okawaru


Innate Abilities, Weirdness & Mutations

You are small and have problems with some larger weapons.
You are carnivorous and can eat meat at any time.


Message History

The gnoll closely misses you.
The gnoll sergeant hits you from afar with a spear.
You closely miss the gnoll. You puncture the gnoll!
The gnoll is poisoned.
The gnoll is severely wounded.
The gnoll misses you. The gnoll sergeant closely misses you.
You hit the gnoll.
The gnoll is severely wounded.
You kill the gnoll!
The gnoll sergeant hits you from afar with a spear!
The gnoll sergeant closely misses you.
You closely miss the gnoll sergeant.
The gnoll sergeant hits you with a spear!
* * * LOW HITPOINT WARNING * * *
You are too injured to fight recklessly!
You are too injured to fight recklessly!
You are too injured to fight recklessly!
You are too injured to fight recklessly!
The gnoll sergeant hits you from afar with a spear!
You die...

... #..# #######.####. ### #.#
#.# #. #g# #.# #. #g# #.# #. #g#
#.# #. #g# #.# #. ### #g# #.# #.
..# #.# #.# #.
#.##############@# #.# #.
#....%...........# ##.# #.
################## ##..# #.
#####...####. #............
######## ##.###...##.##
.......#############...###.###.#
...###.........(.....#.....# #.#
..............)........###.# #.#


You could see a gnoll sergeant and 4 gnolls.

Vanquished Creatures
  Natasha (D:3)
  2 gnolls (D:3)
  4 adders (D:2)
  2 worms (D:3)
  An orc (D:3)
  2 giant cockroaches
  5 goblins
  7 hobgoblins
  12 kobolds
  3 ball pythons
  13 bats
  3 giant geckos
  3 giant newts (D:2)
  7 rats
65 creatures vanquished.

Notes
Turn   | Place    | Note
--------------------------------------------------------------
     0 | D:1      | ANDROIDp, the Kobold Assassin, began the quest for the Orb.
     0 | D:1      | Reached XP level 1. HP: 12/12 MP: 1/1
   192 | D:1      | Reached XP level 2. HP: 15/17 MP: 2/2
   780 | D:1      | Reached XP level 3. HP: 21/21 MP: 3/3
   860 | D:2      | Reached skill level 6 in Stealth
  1163 | D:2      | Reached XP level 4. HP: 26/26 MP: 4/4
  1627 | D:3      | Reached XP level 5. HP: 27/30 MP: 5/5
  1711 | D:3      | Noticed Natasha
  1719 | D:3      | Killed Natasha
  1722 | D:3      | Found an iron altar of Okawaru.
  1914 | D:3      | Noticed a gnoll sergeant
  1935 | D:3      | Slain by a gnoll sergeant

Action                   |  1- 3 |  4- 6 || total
-------------------------+-------+-------++-------
Melee: Dagger            |    19 |       ||    19
       Short sword       |    54 |    57 ||   111
  Use: Scroll            |       |     7 ||     7
       Potion            |       |     4 ||     4
 Stab: Sleeping          |    16 |     7 ||    23
  Eat: Chunk             |     1 |     2 ||     3
